 Dungeon Crawl Stone Soup version 0.30.1-4-g462c640d31 (webtiles) character file.

Game seed: 4790727168043199271

147 HagarQim the Conjurer (level 5, -16/32 HPs)
             Began as an Octopode Conjurer on Sept 12, 2023.
             Killed by an exploding adder (38 damage)
             ... ignited by their inner flame
             ... on level 3 of the Dungeon.
             The game lasted 00:09:39 (3083 turns).

HagarQim the Conjurer (Octopode Conjurer)           Turns: 3083, Time: 00:09:39

Health: -16/32     AC:  1    Str:  5    XL:     5   Next: 29%
Magic:  0/8        EV: 12    Int: 19    God:
Gold:   111        SH: 12    Dex: 17    Spells: 6/9 levels left

rFire   . . .        c - +0 dagger (venom)
rCold   . . .        e - +3 buckler
rNeg    . . .        (helmet restricted)
rPois   .            i - amulet of reflection
rElec   .            (no ring)
rCorr   .            (no ring)
SInv    +            (no ring)
Will    .....        (no ring)
Stlth   ++++         (no ring)
HPRegen 0.25/turn    (no ring)
MPRegen 0.11/turn    (no ring)
                     (no ring)

%: reflection
@: no status effects
A: almost no armour, amphibious, 8 rings, camouflage 1, gelatinous body 1,
(nimble swimmer 1), tentacles, see invisible, agile 1, deterioration 1
a: no special abilities


You were on level 3 of the Dungeon.
You visited 1 branch of the dungeon, and saw 3 of its levels.

You collected 111 gold pieces.

Inventory:

Hand Weapons
 c - a +0 dagger of venom (weapon)
Missiles
 l - a throwing net
Armour
 e - a +3 buckler (worn)
Jewellery
 i - an amulet of reflection (around mantle)
Wands
 m - a wand of paralysis (5)
Scrolls
 f - a scroll of identify
 n - a scroll of teleportation {unknown}
Potions
 a - a potion of flight {unknown}
 d - 2 potions of cancellation
 h - 2 potions of haste
 o - a potion of brilliance {unknown}


   Skills:
 + Level 0.6 Fighting
 + Level 0.9 Short Blades
 + Level 2.3 Dodging
 + Level 4.5 Stealth
 + Level 0.6 Shields
 + Level 2.5 Spellcasting
 + Level 5.0 Conjurations


You had 6 spell levels left.
You knew the following spells:

 Your Spells              Type           Power      Damage    Failure   Level
a - Magic Dart            Conj           84%        1d7       3%          1
b - Searing Ray           Conj           42%        2d6       5%          2

Your spell library contained the following spells:

 Spells                   Type           Power      Damage    Failure   Level
 Dazzling Flash           Conj/Hex       24%        N/A       32%         3
 Fulminant Prism          Conj/Hex       6%         3d7       71%         4
 Iskenderun's Mystic Bla  Conj/Tloc      12%        2d5       71%         4


Dungeon Overview and Level Annotations

Branches:
Dungeon (3/15)

Altars:

Shops:
D:2 (

Annotations:
D:3 Jessica


Innate Abilities, Weirdness & Mutations

You cannot wear most types of armour.
You are amphibious.
You can wear up to eight rings at the same time.
Your skin changes colour to match your surroundings (Stealth+).
Your rubbery body absorbs attacks. (AC +1, EV +1)
((You are camouflaged when in or above water. (Stealth+)))
You have tentacles for arms and can constrict up to eight enemies at once.
You have supernaturally acute eyesight. (SInv)
You are agile. (Dex +4, Str/Int -1)
Your body sometimes deteriorates upon taking damage.


Message History

The creatures around you are filled with an inner flame!
It was a scroll of immolation.
Casting: Searing Ray (safe; 5% risk of failure)
Confirm with . or Enter, or press ? or * to list all spells.
Aiming: Magic Dart (safe; 3% risk of failure)
Press: ? - help, Shift-Dir - straight line, f - adder
Aim: an adder (inner flame, fleeing, 100% to hit)
The magic dart hits the adder but does no damage.
Your attack snaps the adder out of its fear.
Things that are here:
a +0 spear; a +0 spear The gnoll seems to regain its courage.
The adder bites you. The adder attacks as you move away!
You block the adder's attack. The adder attacks as you move away!
The adder closely misses you. The adder bites you.
You are poisoned.
The adder poisons you! The adder attacks as you move away! The adder bites you.
You feel sick.
You see here a +0 short sword.
You feel sick.
You feel sick.
You feel sick. You block the adder's attack.
The adder attacks as you move away! The adder barely misses you.
You feel sick.
You are no longer poisoned.
You miss the adder. Your grab misses the adder. You block the adder's attack.
You miss the adder. Your grab misses the adder.
You block the adder's attack. x2
Casting: Magic Dart (safe; 3% risk of failure)
Confirm with . or Enter, or press ? or * to list all spells.
Aiming: Searing Ray (safe; 5% risk of failure)
Press: ? - help, Shift-Dir - straight line, f/p - adder
Aim: an adder (inner flame, 63% to hit)
The searing ray hits the adder.
Flame seeps out of the adder.
The adder is heavily wounded. (Press . to maintain the ray.)
The adder is engulfed in blazing flames.
The adder explodes!
The fiery explosion engulfs you!!!
Ouch! That really hurt!
You die...

#......g..#####.#
#.............#.#
##.#......###...#####
#.##...#.# #........ #
#.#...##.###.###############.#
#.#.####...)).........).))...#
#.#.# #####.#################
#.#.# #.#### #.#.# #§○@.# #.#
####.# #.# ### #.# ... ..# #.#
#.# #.# #.# #.# #.# #.# #.#
#.# ###.# ##.## #.#
#...############# ##...###.#
#.##............###


There were no monsters in sight!

Vanquished Creatures
  Robin (D:2)
  5 gnolls (D:3)
  3 adders
  An orc (D:3)
  2 ball pythons (D:1)
  7 endoplasms
  2 giant cockroaches
  9 hobgoblins
  6 jackals
  2 quokkas (D:2)
  5 bats
  4 frilled lizards
  10 goblins
  4 kobolds
  3 rats
64 creatures vanquished.

Notes
Turn   | Place    | Note
-------+----------+-------------------------------------------
     0 | D:1      | HagarQim the Octopode Conjurer began the quest for the Orb.
     0 | D:1      | Reached XP level 1. HP: 11/11 MP: 3/3
   305 | D:1      | Reached XP level 2. HP: 17/17 MP: 5/5
   308 | D:1      | Learned a level 2 spell: Searing Ray
  1157 | D:2      | Found Zurchirch's Antique Weapon Shop.
  1175 | D:2      | Reached XP level 3. HP: 19/22 MP: 3/6
  1564 | D:2      | Noticed Robin
  1749 | D:2      | Killed Robin
  1753 | D:2      | Reached XP level 4. HP: 24/27 MP: 1/7
  2281 | D:3      | Gained mutation: Your body sometimes deteriorates upon
                  | taking damage. [potion of mutation]
  2282 | D:3      | Lost mutation: Your body sometimes deteriorates upon taking
                  | damage. [potion of mutation]
  2282 | D:3      | Gained mutation: You have supernaturally acute eyesight.
                  | (SInv) [potion of mutation]
  2282 | D:3      | Gained mutation: Your body sometimes deteriorates upon
                  | taking damage. [potion of mutation]
  2282 | D:3      | Gained mutation: You are agile. (Dex +4, Str/Int -1)
                  | [potion of mutation]
  2717 | D:3      | Reached skill level 5 in Conjurations
  2723 | D:3      | Reached XP level 5. HP: 32/32 MP: 1/8
  3055 | D:3      | Noticed Jessica
  3083 | D:3      | Killed by an exploding adder... ignited by their inner
                  | flame

Illustrated notes

Levels and vault maps discovered:
D:1:      dpeg_arrival_rhombi, layout_loops_ring, st_stairs_1
D:2:      layout_basic, serial_shops,
          nicolae_shop_temple_entry_statues_fountains, uniq_robin
D:3:      layout_loops_ring, uniq_jessica

Skill      XL: |  1  2  3  4 |
---------------+-------------+-----
Stealth        | 3 4 |  4.5
Conjurations   | 5 |  5.0
Fighting       | |  0.6
Short Blades   | |  0.9
Dodging        | |  2.3
Shields        | |  0.6
Spellcasting   | |  2.5

Action                     |  1- 3 |  4- 6 || total
---------------------------+-------+-------++-------
  Melee: Dagger            |    25 |    27 ||    52
         Constrict         |     5 |     6 ||    11
         Tentacles         |     3 |     4 ||     7
   Cast: Magic Dart        |    30 |    19 ||    49
         Searing Ray       |     5 |    10 ||    15
    Use: Potion            |     1 |     2 ||     3
         Scroll            |       |     7 ||     7
   Stab: Sleeping          |     6 |     5 ||    11
 Armour: Skin              |     3 |       ||     3
  Dodge: Dodged            |    14 |    11 ||    25
  Block: Buckler           |    12 |    18 ||    30
